 Dungeon Crawl Stone Soup version 0.29-a0-234-g0dae59b3db (webtiles) character file.

Game seed: 10979358781942708372

597 HotDog the Poker (level 7, -1/55 HPs)
             Began as a Merfolk Fighter on Mar 2, 2022.
             Was a Follower of the Shining One.
             Succumbed to an orc warrior's poison
             ... on level 6 of the Dungeon.
             The game lasted 00:06:27 (6546 turns).

HotDog the Poker (Merfolk Fighter)                  Turns: 6546, Time: 00:06:27

Health: -1/55      AC: 13    Str: 16    XL:     7   Next: 40%
Magic:  8/8        EV: 11    Int:  7    God:    the Shining One [*.....]
Gold:   182        SH:  5    Dex: 16    Spells: 6/6 levels left

rFire   . . .      SeeInvis .   a - +3 trident
rCold   . . .      Faith    .   c - +0 buckler
rNeg    . . .      Spirit   .   e - +0 chain mail
rPois   .          Reflect  .   (no helmet)
rElec   .          Harm     .   g - +1 cloak
rCorr   .          Rampage  .   b - +0 pair of gloves
Will    .....                   j - +0 pair of boots
Stlth   ..........              (no amulet)
HPRegen 0.18/turn               h - +4 ring of evasion
MPRegen 0.11/turn               (no ring)

@: lethally poisoned (-1 -> -21), glowing
A: (nimble swimmer 2), mertail
a: Renounce Religion, Divine Shield


You were on level 6 of the Dungeon.
You worshipped the Shining One.
The Shining One was aware of your devotion.
You visited 2 branches of the dungeon, and saw 7 of its levels.

You collected 230 gold pieces.
You spent 48 gold pieces at shops.

Inventory:

Hand Weapons
 a - a +3 trident (weapon)
Armour
 b - a +0 pair of gloves (worn)
 c - a +0 buckler (worn)
 e - a +0 chain mail (worn)
 g - a +1 cloak (worn)
 j - a +0 pair of boots (worn)
Jewellery
 h - a +4 ring of evasion (left hand)
 q - a +4 ring of evasion
Scrolls
 k - 4 scrolls of teleportation
 o - a scroll of summoning
 p - 2 scrolls of enchant armour
 s - a scroll of noise
Potions
 d - a potion of might
 f - a potion of flight
 i - 3 potions of curing
 l - 2 potions of attraction
 m - a potion of brilliance {unknown}
 n - a potion of mutation {unknown}
 t - a potion of heal wounds {unknown}


   Skills:
 * Level 4.6 Fighting
 * Level 7.3 Polearms
 + Level 2.8 Armour
 * Level 3.2 Dodging
 - Level 0.2 Stealth
 * Level 3.9 Shields
 * Level 1.4 Invocations


You had 6 spell levels left.
You didn't know any spells.
Your spell library contained the following spells:

 Spells                   Type           Power      Damage    Failure   Level
 Beastly Appendage        Tmut           0%         N/A       100%        1
 Ensorcelled Hibernation  Hex/Ice        0%         N/A       100%        2
 Passwall                 Tmut/Erth      0%         N/A       100%        2
 Wereblood                Tmut           0%         N/A       100%        2
 Ozocubu's Armour         Ice            0%         N/A       100%        3
 Spider Form              Tmut/Pois      0%         N/A       100%        3
 Swiftness                Air            0%         N/A       100%        3
 Ozocubu's Refrigeration  Ice            0%         4d5       100%        7


Dungeon Overview and Level Annotations

Branches:
Dungeon (6/15)             Temple (1/1) D:5

Altars:
Ashenzari
Cheibriados
Dithmenos
Elyvilon
Hepliaklqana
Nemelex Xobeh
Okawaru
Qazlal
Ru
Uskayaw
Vehumet
Wu Jian
Xom
Zin
The Shining One

Shops:
D:5 ?

Annotations:
D:4 Eustachio, Menkaure


Innate Abilities, Weirdness & Mutations

((You are very nimble when in or above water. (Stealth+, EV+, Speed+++)))
Your lower body shifts to a powerful aquatic tail in water.


Message History

a +0 dagger; a +0 dagger; 2 stones
Things that are here:
a +0 club; 2 stones You see here a +2 short sword of venom.
There is an open door, spattered with blood here.
Items here: (( )).
Things that are here:
a +0 dagger; a +0 dagger
There is an open door here.
There is a stone staircase leading down here.
You climb downwards.
There is a stone staircase leading up here.
An orc comes into view. It is wielding a +0 mace.
The orc shouts!
You hear a shout!
The orc moves out of view.
An orc warrior comes into view. It is wielding a +1 halberd of venom.
An orc warrior is nearby!
An orc warrior is nearby!
You reach to attack!
You puncture the orc warrior!
The orc warrior is moderately wounded.
The orc warrior hits you from afar with a +1 halberd of venom.
You are poisoned.
You reach to attack!
You closely miss the orc warrior.
The orc warrior is moderately wounded.
You feel sick.
The orc warrior hits you from afar with a +1 halberd of venom!
You are more poisoned.
You reach to attack!
You hit the orc warrior but do no damage.
The orc warrior is moderately wounded.
You feel very sick.
The orc warrior hits you from afar with a +1 halberd of venom!
* * * LOW HITPOINT WARNING * * *
You are more poisoned.
* * * LOW HITPOINT WARNING * * *
You feel extremely sick.
* * * LOW HITPOINT WARNING * * *
You feel very sick.
An orc priest comes into view. It is wielding a +0 hand axe.
You die...

###
#.o
#.#
#o#
#.#
#o#
#.#
#.#
#@#
#.#
#.#
#.#
#.##
#..#
##.#
#.#
#.#


You could see an orc warrior, an orc priest (wandering) and an orc.

Vanquished Creatures
  A kobold brigand (D:5)
  A scorpion (D:3)
  A gnoll shaman (D:5)
  2 hounds (D:5)
  A jelly (D:5)
  4 iguanas
  5 gnolls
  6 adders
  A shadow imp (D:5)
  4 ufetubi
  A worm (D:2)
  6 dart slugs
  3 orcs
  6 ball pythons
  7 bats
  7 endoplasms
  4 giant cockroaches
  6 goblins
  5 hobgoblins
  6 jackals
  4 quokkas
  28 kobolds
  5 rats
114 creatures vanquished.

Vanquished Creatures (others)
  31 plants (D:5)
31 creatures vanquished.

Grand Total: 145 creatures vanquished

Notes
Turn   | Place    | Note
-------+----------+-------------------------------------------
     0 | D:1      | HotDog the Merfolk Fighter began the quest for the Orb.
     0 | D:1      | Reached XP level 1. HP: 18/18 MP: 1/1
   259 | D:1      | Reached XP level 2. HP: 24/24 MP: 2/2
   296 | D:1      | Reached skill level 3 in Polearms
   434 | D:1      | Reached skill level 1 in Dodging
   434 | D:1      | Reached XP level 3. HP: 10/29 MP: 3/3
   671 | D:1      | Found a stormy altar of Qazlal.
  1499 | D:2      | Reached XP level 4. HP: 37/37 MP: 4/4
  1603 | D:2      | Reached skill level 4 in Polearms
  2321 | D:3      | Noticed a scorpion
  2923 | D:3      | Killed a scorpion
  2924 | D:3      | Reached skill level 5 in Polearms
  2924 | D:3      | Reached XP level 5. HP: 29/42 MP: 5/5
  3635 | D:3      | Found a faded altar of an unknown god.
  4221 | D:4      | Reached XP level 6. HP: 34/48 MP: 6/6
  4342 | D:4      | Noticed Menkaure
  4343 | D:4      | Noticed Eustachio
  4381 | D:5      | Entered Level 5 of the Dungeon
  4761 | D:5      | Found Buosi's Magic Scroll Shoppe.
  4766 | D:5      | Bought a scroll of identify for 24 gold pieces
  4766 | D:5      | Bought a scroll of identify for 24 gold pieces
  4780 | D:5      | Found a staircase to the Ecumenical Temple.
  4800 | Temple   | Entered the Ecumenical Temple
  5016 | Temple   | Became a worshipper of the Shining One
  5090 | D:5      | Reached skill level 6 in Polearms
  5731 | D:5      | Reached skill level 1 in Invocations
  5884 | D:5      | Reached XP level 7. HP: 48/54 MP: 7/7
  6127 | D:5      | Reached skill level 7 in Polearms
  6226 | D:5      | Reached * piety under the Shining One
  6546 | D:6      | Succumbed to an orc warrior's poison

Illustrated notes

Levels and vault maps discovered:
D:1:      saegor_arrival_fortress, layout_loops_ring, minmay_misc_feat_square,
          minmay_hexomino_r4
D:2:      layout_loops_ring
D:3:      layout_basic, dilly_ecumenical_altar_fadedgnrine
D:4:      layout_loops_cross, uniq_blork_the_orc, uniq_menkaure, uniq_eustachio,
          uniq_sigmund
D:5:      kennysheep_kobold_camp, layout_gridville, temple_statues,
          serial_shops, nicolae_shop_hallway_plus
D:6:      layout_loops_ring, lemuel_round_altar
Temple:   regret_index_temple_generic_petals

Skill      XL: |  1  2  3  4  5  6  7 |
---------------+----------------------+-----
Polearms       | 3 5 6 7 |  7.3
Dodging        | 1 2 3 |  3.2
Fighting       | 4 |  4.6
Invocations    | 1 |  1.4
Armour         | |  2.8
Stealth        | |  0.2
Shields        | |  3.9

Action                   |  1- 3 |  4- 6 |  7- 9 || total
-------------------------+-------+-------+-------++-------
Melee: Trident           |   127 |   199 |    56 ||   382
  Use: Scroll            |       |    16 |       ||    16
Armor: Scale mail        |    41 |    33 |       ||    74
       Chain mail        |       |    40 |    17 ||    57
Dodge: Dodged            |    66 |   113 |    20 ||   199
Block: Buckler           |    26 |    47 |     7 ||    80

Table legend: (Time is in decaauts)
 A = Elapsed time spent in this place.
 B = Non-inter-level travel time spent in this place.
 C = Inter-level travel time spent in this place.
 D = Time resting spent in this place.
 E = Time spent auto-exploring this place.
 F = Levels seen in this place.
 G = Mean time per level.
                   A        B        C        D        E       F      G
               +--------+--------+--------+--------+--------+-----+--------+
         Total |   6560 |   6308 |    252 |   1153 |   4299 |   7 |  937.1 |
       Dungeon |   6301 |   6110 |    191 |   1153 |   4110 |   6 | 1050.2 |
        Temple |    258 |    197 |     61 |      0 |    189 |   1 |  258.0 |
               +--------+--------+--------+--------+--------+-----+--------+

Top non-repeatable levels by time:
     D:5: 1890 daAuts
     D:1: 1481 daAuts
     D:3: 1464 daAuts
     D:2: 1102 daAuts
     D:4: 343 daAuts
  Temple: 258 daAuts
     D:6: 18 daAuts
